 Dungeon Crawl Stone Soup version 0.22-a0-388-g09e6169 (webtiles) character file.

55 Falco the Sneak (level 3, -12/18 HPs)
             Began as a Vine Stalker Assassin on Apr 28, 2018.
             Mangled by an orc warrior
             ... wielding a +0 scimitar
              (18 damage)
             ... on level 3 of the Dungeon on Apr 29, 2018.
             The game lasted 00:09:47 (1819 turns).

Falco the Sneak (Vine Stalker Assassin)             Turns: 1819, Time: 00:09:47

Health: -12/18     AC:  4    Str: 14    XL:     3   Next: 93%
Magic:  0/4        EV: 12    Int: 11    God:
Gold:   98         SH:  0    Dex: 15    Spells: 2/2 levels left

rFire    . . .     SeeInvis .   a - +2 dagger
rCold    . . .     Gourm    .   (no shield)
rNeg     . . .     Faith    .   c - +0 robe
rPois    .         Spirit   +   (no helmet)
rElec    .         Reflect  .   d - +0 cloak
rCorr    .         Harm     .   (no gloves)
MR       .....                  p - +0 pair of boots
Stlth    +++.......             (no amulet)
HPRegen  0.06/turn              (no ring)
MPRegen  0.09/turn              (no ring)

@: no status effects
A: fangs 2, magic shield, antimagic bite, no potion heal 3, rot immunity
a: no special abilities


You were on level 3 of the Dungeon.
You were not hungry.

You visited 1 branch of the dungeon, and saw 3 of its levels.

You collected 98 gold pieces.

Inventory:

Hand Weapons
 a - a +2 dagger (weapon)
 b - a +0 blowgun
Missiles
 e - 8 poisoned needles
 f - 2 curare-tipped needles
 i - 25 arrows
Armour
 c - a +0 robe (worn)
 d - a +0 cloak (worn)
 p - a +0 pair of boots (worn)
Jewellery
 l - an uncursed ring of positive energy {unknown}
Scrolls
 m - a scroll of remove curse {unknown}
 n - a scroll of teleportation {unknown}
 r - 2 scrolls of enchant armour {unknown}
 s - a scroll of random uselessness {unknown}
 t - a scroll of identify
 w - a scroll of noise {unknown}
Potions
 h - a potion of cancellation {unknown}
 j - 2 potions of heal wounds {unknown}
 k - a potion of lignification {unknown}
 o - 3 potions of curing {unknown}
 q - a potion of invisibility {unknown}
 u - a potion of resistance {unknown}
 v - a potion of might {unknown}
Comestibles
 g - 6 rations


   Skills:
 + Level 2.1 Fighting
 + Level 2.2 Short Blades
 + Level 1.9 Throwing
 + Level 1.0 Dodging
 + Level 6.1 Stealth


You had 2 spell levels left.
You didn't know any spells.

Dungeon Overview and Level Annotations

Branches:
Dungeon (3/15)

Altars:
Fedhas

Annotations:
D:3 Alphaeus's ghost, amateur TrBe


Innate Abilities, Weirdness & Mutations

You have extremely sharp teeth.
When hurt, damage is shared between your health and your magic reserves.
Your bite disrupts and absorbs the magic of your enemies.
Potions cannot restore your health.
You are immune to rotting.


Message History

The orc wizard looks satisfied for a moment.
The orc hits you but does no damage.
You completely miss the orc. You bite the orc. You drain its power.
You feel invigorated.
The orc is heavily wounded.
The orc throws a tomahawk.
The tomahawk closely misses you.
Things that are here:
a tomahawk; 11 gold pieces You hit the orc warrior.
The orc warrior is lightly wounded.
The orc warrior hits you with a scimitar.
You see here a frilled lizard corpse.
Found a stone staircase leading up.
The orc wizard mumbles some strange words.
The orc wizard seems to speed up.
The orc wizard casts a spell at you. The puff of flame hits you!
The orc warrior hits you with a scimitar!!
Ouch! That really hurt!
You die...

.... ..#.## #..#
#####.#.. #..#
#...#.#.#
#..#####.#.#.#.#
#..#....o#.#.#.###
#................#
#..####.##o).#...#
#..(.....#...#...#
##@#######o..#.....
#.o......#o..#...##
#..#####.#...#....
#..o.....#...######
#.>................
#.......o.W.#######
###<#######.#...†..
#########.#...###
........#...#


You could see an orc warrior and an orc wizard.

Vanquished Creatures
  An adder (D:2)
  A dart slug (D:1)
  A leopard gecko (D:2)
  5 giant cockroaches
  4 hobgoblins
  3 jackals (D:3)
  5 kobolds
  2 ball pythons (D:2)
  4 bats (D:1)
  2 frilled lizards
  7 goblins
  6 rats
41 creatures vanquished.

Notes
Turn   | Place    | Note
-------+----------+-------------------------------------------
     0 | D:1      | Falco the Vine Stalker Assassin began the quest for the Orb.
     0 | D:1      | Reached XP level 1. HP: 11/11 MP: 2/2
     0 | D:1      | Upgraded the game from 0.22-a0-379-ga9d99d6 to 0.22-a0-388-g09e6169
    73 | D:1      | Reached skill level 5 in Stealth
   145 | D:1      | Reached XP level 2. HP: 11/15 MP: 3/3
  1072 | D:2      | Reached XP level 3. HP: 12/18 MP: 4/4
  1436 | D:2      | Found a blossoming altar of Fedhas.
  1634 | D:3      | Reached skill level 6 in Stealth
  1768 | D:3      | Noticed Alphaeus's ghost (amateur TrBe)
  1770 | D:3      | Reached skill level 1 in Dodging
  1787 | D:3      | Noticed an orc warrior
  1819 | D:3      | Mangled by an orc warrior

Vault maps used:
D:1:      minmay_arrival_five_plusses
D:2:      nicolae_overflow_crystal_walls, minmay_misc_feat_four_crosses,
          kennysheep_generic_room_11
D:3:      first_ration

Skill      XL: |  1  2  3 |
---------------+----------+-----
Stealth        | 5 6 |  6.1
Short Blades   | 2 |  2.2
Fighting       | 2 |  2.1
Dodging        | 1 |  1.0
Throwing       | |  1.9

Action                   || total
-------------------------++-------
Melee: Dagger            ||   116
       Bite              ||    28
  Use: Scroll            ||     1
 Stab: Sleeping          ||    11
  Eat: Ration            ||     1
Armor: Robe              ||    31
Dodge: Dodged            ||    56

Table legend:
 A = Spawn XP
 B = Non-spawn XP
 C = Spawn XP percentage of total XP
 D = Spawn monster count
 E = Non-spawn monster count
 F = Spawn count percentage of total count
 G = Total turns spent on level
                    A         B        C        D         E        F      G
               +---------+---------+-------+---------+---------+-------+---------
         Total |       0 |      79 |   0.0 |       0 |      41 |   0.0 |  1819
               +---------+---------+-------+---------+---------+-------+---------
           D:1 |       0 |      28 |   0.0 |       0 |      17 |   0.0 |  1020
           D:2 |       0 |      33 |   0.0 |       0 |      13 |   0.0 |   588
           D:3 |       0 |      18 |   0.0 |       0 |      11 |   0.0 |   211
               +---------+---------+-------+---------+---------+-------+---------
